 Dungeon Crawl Stone Soup version 0.26.0-18-gc5c842f807 (webtiles) character file.

Game seed: 8258602525721521066

79 thiole the Sneak (level 4, -1/27 HPs)
             Began as an Octopode Hedge Wizard on Jan 23, 2021.
             Slain by an adder (3 damage)
             ... on level 3 of the Dungeon.
             The game lasted 00:03:41 (2439 turns).

thiole the Sneak (Octopode Hedge Wizard)            Turns: 2439, Time: 00:03:42

Health: -1/27      AC:  1    Str:  9    XL:     4   Next: 37%
Magic:  7/9        EV: 13    Int: 17    God:
Gold:   101        SH:  0    Dex: 11    Spells: 8/9 levels left

rFire    . . .     SeeInvis .   a - +0 dagger
rCold    . . .     Faith    .   (no shield)
rNeg     . . .     Spirit   .   b - +0 hat
rPois    +         Reflect  .   (no amulet)
rElec    .         Harm     .   g - ring of willpower
rCorr    .         Rampage  .   (no ring)
Will     +....                  (no ring)
Stlth    +++.......             (no ring)
HPRegen  0.09/turn              (no ring)
MPRegen  0.11/turn              (no ring)
                                (no ring)
                                (no ring)

@: lethally poisoned (-1 -> -9)
A: almost no armour, stealthy swim, amphibious, 8 rings, constrict 8, camouflage
1, poison resistance, gelatinous body 1, MP-powered wands
a: no special abilities


You were on level 3 of the Dungeon.
You visited 1 branch of the dungeon, and saw 3 of its levels.

You collected 101 gold pieces.

Inventory:

Hand Weapons
 a - a +0 dagger (weapon)
Armour
 b - a +0 hat (worn)
Jewellery
 g - a ring of willpower (left tentacle)
Scrolls
 c - 2 scrolls of magic mapping
 d - a scroll of amnesia {unknown}
 e - a scroll of remove curse {unknown}
 f - a scroll of teleportation
 h - 2 scrolls of identify
 i - a scroll of enchant weapon {unknown}


   Skills:
 - Level 2.0 Dodging
 + Level 3.7 Stealth
 + Level 3.4 Spellcasting
 * Level 2.5 Conjurations
 - Level 2.0 Summonings
 - Level 1.0 Translocations


You had 8 spell levels left.
You knew the following spells:

 Your Spells              Type           Power        Failure   Level
a - Magic Dart            Conj           44%          6%          1

Your spell library contained the following spells:

 Spells                   Type           Power        Failure   Level
 Call Imp                 Summ           9%           11%         2
 Blink                    Tloc           N/A          17%         2
 Slow                     Hex            2%           26%         2
 Conjure Flame            Conj/Fire      7%           30%         3
 Mephitic Cloud           Conj/Pois/Air  5%           34%         3


Dungeon Overview and Level Annotations

Branches:
Dungeon (3/15)

Altars:


Innate Abilities, Weirdness & Mutations

You cannot wear most types of armour.
You are very stealthy in the water. (Stealth+)
You are amphibious.
You can wear up to eight rings at the same time.
You can use your tentacles to constrict eight enemies at once.
Your skin changes colour to match your surroundings (Stealth+).
Your rubbery body absorbs attacks. (AC +1, EV +1)
Your system is resistant to poisons. (rPois)
You expend magic power (3 MP) to strengthen your wands.


Message History

You are lethally poisoned!
The adder poisons you! The giant cockroach bites you.
You feel sick.
It was a potion of mutation.
You feel extremely strange.
You feel your magical essence link to the dungeon's wands.
You feel resistant to poisons.
* * * LOW HITPOINT WARNING * * *
You feel sick. The adder closely misses you.
You miss the adder. You grab the adder.
The adder is severely wounded.
You constrict the adder, but do no damage.
* * * LOW HITPOINT WARNING * * *
You feel sick. The adder bites you.
* * * LOW HITPOINT WARNING * * *
You hit the adder but do no damage.
The adder is severely wounded.
You constrict the adder.
* * * LOW HITPOINT WARNING * * *
You feel sick. The adder bites you.
You die...

*,,,≈≈,≈.≈≈P,*..# *,,,,**
**≈*≈≈≈≈≈≈.≈♣*#.# *,****
****≈≈≈≈≈≈≈J≈≈.##.##*****,*******
,,,,,*≈≈≈≈≈.Z≈P>...,,,,,,,**,,,,,
**,,,≈≈,≈≈.≈≈...#.#*********,****
**,*,*,,,P..P..g#<# *,,,***
,,,,,**,*#.....SB.# *,,,,,*
**,*^**,*####.##S## *,,,*,*
**,*,,*,,,,,,,*#@#* **,,,,,
,,,**,********#...# *,**,,
**,**,****** #..!# *,****
**,,,,,,,,,* #...# *** *,,*
,,,*,,**,*,* #...# **,** **,*
**,*,,**,*,***#...#**,*,** *,*
,,,,,,,,,*,,,,.....,,***,****,***
**,*,**,,,,>,,.....,** **,**,,,,,
*,*,,,,,,,,,,,,,,,,,***,,**,,***


You could see an ooze, 2 adders, a hound zombie, a giant cockroach and a goblin.

Vanquished Creatures
  3 adders (D:2)
  2 worms (D:2)
  A dart slug (D:2)
  2 leopard geckos
  4 giant cockroaches
  4 goblins
  3 hobgoblins
  3 jackals (D:2)
  4 kobolds
  2 ball pythons (D:2)
  3 bats
  3 frilled lizards
  7 rats
41 creatures vanquished.

Notes
Turn   | Place    | Note
-------+----------+-------------------------------------------
     0 | D:1      | thiole the Octopode Hedge Wizard began the quest for the
                  | Orb.
     0 | D:1      | Reached XP level 1. HP: 11/11 MP: 4/4
   337 | D:1      | Reached XP level 2. HP: 12/17 MP: 4/6
   955 | D:2      | Reached XP level 3. HP: 2/21 MP: 2/7
  1447 | D:2      | Reached XP level 4. HP: 13/27 MP: 1/8
  2437 | D:3      | Gained mutation: You expend magic power (3 MP) to
                  | strengthen your wands. [potion of mutation]
  2437 | D:3      | Gained mutation: Your system is resistant to poisons.
                  | (rPois) [potion of mutation]
  2439 | D:3      | Slain by an adder

Illustrated notes

Levels and vault maps discovered:
D:1:      dpeg_arrival_oval, layout_basic
D:2:      layout_rooms
D:3:      layout_loops_cross, serial_bayou_pond_b

Skill      XL: |  1  2  3 |
---------------+----------+-----
Stealth        | 3 |  3.7
Summonings     | 2 |  2.0
Conjurations   | 2 |  2.5
Dodging        | |  2.0
Spellcasting   | |  3.4
Translocations | |  1.0

Action                   |  1- 3 |  4- 6 || total
-------------------------+-------+-------++-------
Melee: Dagger            |    35 |     9 ||    44
       Constrict         |     8 |     2 ||    10
       Tentacles         |     6 |     1 ||     7
 Cast: Magic Dart        |    59 |    49 ||   108
  Use: Scroll            |       |     3 ||     3
       Potion            |       |     1 ||     1
Armor: Skin              |     2 |       ||     2
Dodge: Dodged            |    45 |     7 ||    52
